 Dungeon Crawl Stone Soup version 0.18.1-50-g88ac8fd (webtiles) character file.

143 Chiseanne the Skirmisher (level 5, -7/46 HPs)
             Began as a Centaur Abyssal Knight on Oct 27, 2016.
             Was a Believer of Lugonu.
             Mangled by an ogre
             ... wielding a +0 giant club
              (17 damage)
             ... on level 4 of the Dungeon.
             The game lasted 00:10:29 (3701 turns).

Chiseanne the Skirmisher (Centaur Abyssal Knight)   Turns: 3701, Time: 00:10:30

Health: -7/46      AC: 15    Str: 15 (18) XL:     5   Next: 4%
Magic:  7/7        EV:  3    Int: 11      God:    Lugonu [**....]
Gold:   174        SH:  3    Dex:  9      Spells: 0 memorised, 4 levels left

rFire  + . .     SeeInvis .     s - +2 mace (protect)
rCold  . . .     Gourm    .     f - +2 chain mail {rF+}
rNeg   . . .     Faith    .     u - +0 buckler
rPois  .         Spirit   .     (no helmet)
rElec  .         Dismiss  .     (no cloak)
rCorr  .         Reflect  .     (no gloves)
SustAt .         Harm     .     (no barding)
MR     .....                    (no amulet)
Stlth  ..........               (no ring)
                                j - +3 ring of strength

@: very quick, not resistant to hostile enchantments, extremely unstealthy
A: hooves 3, deformed body, speed 2, tough skin 3
a: Depart the Abyss, Bend Space, Renounce Religion


You were on level 4 of the Dungeon.
You worshipped Lugonu.
Lugonu was pleased with you.
You were not hungry.

You visited 1 branch of the dungeon, and saw 4 of its levels.
You visited the Abyss 1 time.

You collected 174 gold pieces.

Inventory:

Hand Weapons
 a - a +1 hand axe
 b - a +0 blowgun
 s - a +2 mace of protection (weapon)
Missiles
 g - 103 stones (quivered)
 k - 44 poisoned needles
 m - 35 arrows
 n - 26 sling bullets
 r - 12 bolts
Armour
 f - a +2 chain mail of fire resistance (worn)
 u - a +0 buckler (worn)
Jewellery
 j - a +3 ring of strength (left hand)
Scrolls
 h - a scroll of blinking
Potions
 e - 5 potions of brilliance {unknown}
 l - 2 potions of ambrosia
 o - a potion of lignification {unknown}
 p - a potion of curing {unknown}
 t - 2 potions of flight {unknown}
Comestibles
 c - 3 bread rations
 d - 3 meat rations
 i - a royal jelly
 q - a chunk of flesh
 v - a beef jerky


   Skills:
 - Level 4.0 Fighting
 - Level 1.8 Axes
 - Level 2.8 Armour
 - Level 0.6 Dodging
 + Level 0.3 Shields
 - Level 3.0 Invocations


You had 4 spell levels left.
You didn't know any spells.

Dungeon Overview and Level Annotations

Branches:
Dungeon (4/15)
 Temple: D:4-7

Altars:

Annotations:
D:3 Franakus's ghost, amateur DECj


Innate Abilities, Weirdness & Mutations

You have hooves in place of feet.
Armour fits poorly on your strangely shaped body.
You cover ground very quickly.
You have extremely tough skin (AC +3).


Message History

You kick the ogre.
The ogre is lightly wounded.
The ogre hits you but does no damage.
You hit the ogre.
The ogre is moderately wounded.
The ogre hits you with a giant club!
You hit the ogre.
The ogre is heavily wounded.
The ogre barely misses you.
You sock the ogre!
The ogre is severely wounded.
The ogre hits you with a giant club!
You barely miss the ogre.
The ogre is severely wounded.
The ogre barely misses you. The ogre hits you with a giant club!
* * * LOW HITPOINT WARNING * * *
You hit the ogre. You kick the ogre.
The ogre is almost dead.
The ogre hits you with a giant club!
You die...

....... ..
....... ...
.......
...#######.......
....?....(......
#......(.......
#......O.......
#......@#
#####.......#
#...........#
#...........#
#...........#
#...).......#
#...........#
#...........#
#...........#


You could see an ogre.

Vanquished Creatures
  Terence (D:2)
  2 adders
  3 oozes
  A worm (D:3)
  4 dart slugs
  2 giant geckos (D:1)
  4 orcs (D:3)
  3 giant cockroaches
  4 goblins
  9 hobgoblins
  8 jackals
  3 quokkas
  7 bats
  3 giant newts
  6 kobolds
  8 rats
68 creatures vanquished.

Vanquished Creatures (others)
  A giant gecko (D:3)
1 creature vanquished.

Grand Total: 69 creatures vanquished

Notes
Turn   | Place    | Note
--------------------------------------------------------------
     0 | Abyss:1  | Chiseanne the Centaur Abyssal Knight began the quest for the Orb.
     0 | Abyss:1  | Reached XP level 1. HP: 19/19 MP: 2/2
   131 | Abyss:1  | Noticed a large abomination
   133 | D:1      | Escaped the Abyss
   362 | D:1      | Reached * piety under Lugonu
   393 | D:1      | Reached XP level 2. HP: 26/26 MP: 3/3
   797 | D:1      | Reached XP level 3. HP: 31/31 MP: 4/4
  1081 | D:2      | Noticed Terence
  1712 | D:2      | Killed Terence
  1712 | D:2      | Reached XP level 4. HP: 6/39 MP: 6/6
  2087 | D:2      | Reached ** piety under Lugonu
  2587 | D:3      | Noticed Franakus's ghost (amateur DECj)
  3386 | D:3      | Reached skill level 4 in Fighting
  3645 | D:4      | Reached XP level 5. HP: 46/46 MP: 7/7
  3690 | D:4      | Noticed an ogre
  3701 | D:4      | Mangled by an ogre

Skill      XL: |  1  2  3  4 |
---------------+-------------+-----
Armour         | 2 |  2.8
Invocations    | 3 |  3.0
Fighting       | 4 |  4.0
Axes           | |  1.8
Dodging        | |  0.6
Shields        | |  0.3

Action                   |  1- 3 |  4- 6 || total
-------------------------+-------+-------++-------
Melee: Hand axe          |   158 |    84 ||   242
       Kick              |    32 |    17 ||    49
       Mace              |       |    37 ||    37
Throw: Stone             |     7 |     3 ||    10
       Throwing net      |     2 |       ||     2
Invok: Depart the Abyss  |     1 |       ||     1
  Use: Scroll            |     7 |     2 ||     9
       Potion            |     1 |       ||     1
  Eat: Chunk             |     2 |     6 ||     8
Armor: Chain mail        |   109 |   101 ||   210
       Leather armour    |     2 |       ||     2
Dodge: Dodged            |    44 |    27 ||    71
Block: Buckler           |       |     1 ||     1
